[Event "51st Rilton Cup 2023-24"]
[Site "Stockholm"]
[Date "2023.12.30"]
[Round "4.11"]
[White "Nyysti, Sampsa"]
[Black "Subelj, Jan"]
[Result "1-0"]
[ECO "B11"]
[WhiteElo "2339"]
[BlackElo "2512"]
[Annotator "TA"]
[PlyCount "119"]
[EventDate "2023.12.27"]
[EventType "swiss"]
[EventCountry "SWE"]
[SourceTitle "playchess.com"]
[Source "ChessBase"]
[SourceQuality "1"]
[TimeControl "40/5400+30:1800+30"]

1. e4 c6 2. Nf3 d5 3. Nc3 Bg4 4. h3 Bxf3 5. Qxf3 Nf6 6. Be2 e6 {[%emt 0:02:19] B11: Caro-Kann: Two Knights Variation.} 7. O-O Bc5 8. Rd1 {[%emt 0:05:12] 8.d3 is vanishing.} Bd4 {[%emt 0:01:46] The position is equal.} 9. exd5 cxd5 10. Nb5 Nc6 11. Qa3 Be5 {[%emt 0:01:08] White should prevent ...a6.} 12. d4 Bb8 13. c4 a6 (13... dxc4 $5 14. Bf3 (14. Bxc4 a6 $17) 14... Qd7 $11) 14. Nc3 {[%emt 0:03:23] [#]} Bd6 $146 ({Predecessor:} 14... dxc4 15. d5 exd5 16. Nxd5 Nxd5 17. Bxc4 Nce7 18. Qb3 Qc7 19. Bxd5 Nxd5 20. Qxd5 Qh2+ {½-½ Feuerstack,A (2421)-Lenic,L (2633) Bundesliga 1213 2012 (11.2)}) 15. Qb3 O-O 16. cxd5 (16. Qxb7 $2 Na5 $19) 16... Na5 17. Qc2 Nxd5 18. Nxd5 exd5 19. Bf3 Qd7 {[%emt 0:05:33] Prevents Qf5} (19... Rc8 20. Qf5) 20. Bd2 (20. Bxd5 $5 Rac8 21. Qd2 $16 (21. Qe4 Rcd8 $16)) 20... Rac8 21. Qd3 Nc4 22. Bc3 Nb6 23. b3 Rc6 24. Re1 Bb8 ({Black should try} 24... g6 $14) 25. Bb4 $16 Bd6 26. Bd2 Bb8 27. Bb4 Bd6 28. Bd2 Bb8 $1 29. Rac1 Rxc1 30. Bxc1 Qd6 31. g3 {[%emt 0:00:20] Active counter play!} Nd7 32. Bf4 Qb4 33. Bd2 {[%emt 0:00:13] A strong pair of Bishops.} Qd6 34. Bf4 Qb4 35. Bd2 Qd6 36. Qe2 Rd8 ({Black should play} 36... Qc6 $14) 37. Bf4 (37. Bg5 $142 Nf6 38. Bxf6 gxf6 39. Bg4) 37... Qf8 (37... Qc6 $142) 38. Bg5 $36 {[%emt 0:00:49][%mdl 2048] Black is under strong pressure.} (38. Bxd5 Bxf4 39. gxf4 b5 $16) 38... Nf6 39. Bxf6 gxf6 {[%emt 0:00:05] Black is weak on the light squares} 40. Qd2 (40. Bg4 $18) 40... Kh8 41. Kg2 Qg7 {[%emt 0:01:32] Loses the game.} (41... Kg7 $16 {was necessary.}) 42. Bxd5 {[%emt 0:03:02][%mdl 64] [#] Deflection} h5 (42... Qg5 $16 43. Qxg5 fxg5 44. Bxb7 (44. Bxf7 Bd6 $18) 44... a5) 43. Qa5 b6 (43... Rg8 $142 44. Bxb7 {[%mdl 64] Discovered Attack} Qg6) 44. Qxb6 $18 (44. Qxa6 f5 45. Qxb6 Rg8 $18) 44... Rg8 45. Qb7 {[%emt 0:02:48][%cal Oe1e3] Re3! is the strong threat.} ({Less strong is} 45. Qxa6 Bxg3 46. Qd3 (46. fxg3 $2 Qxg3+ 47. Kf1 Qf4+ 48. Ke2 Re8+ {[%mdl 64] Skewer, Deflection} 49. Kd3 Rxe1 $19) 46... Bh4+ 47. Kh1 Bxf2 $16) 45... Bxg3 46. Qxf7 $1 ({Inferior is} 46. fxg3 Qxg3+ 47. Kf1 Qd3+ 48. Re2 Qd1+ 49. Re1 Qd3+ 50. Re2 Qd1+ 51. Re1 Qd3+ $11) 46... Bc7+ 47. Qxg7+ Rxg7+ {[%emt 0:00:04][%mdl 4096] Endgame KRB-KRB} 48. Kf3 Rd7 49. Bc6 Rd8 50. Re6 Bd6 51. Rxf6 Kg7 52. Rf5 Bb4 53. Bd5 ({Don't take} 53. Rxh5 Rxd4 54. Be4 Rd2 55. Rg5+ Kh8 56. Rh5+ Kg7 57. Rg5+ Kh8 58. Rh5+ Kg7 $18) 53... Kg6 54. Be4 {[%emt 0:00:06] [#] Threatens to win with Rd5+.} Kg7 55. Rxh5 Rxd4 56. Rd5 Rxd5 57. Bxd5 Bc5 58. Ke2 Bd6 59. Kd3 Kf6 60. Ke4 {[%emt 0:00:17] Weighted Error Value: White=0.24 (precise) /Black=0.23 (precise)} 1-0

[Event "51st Rilton Cup 2023-24"]
[Site "Stockholm"]
[Date "2023.12.30"]
[Round "4.12"]
[White "Hillarp Persson, Tiger"]
[Black "Citak, Selim"]
[Result "1-0"]
[ECO "E05"]
[WhiteElo "2493"]
[BlackElo "2350"]
[Annotator "TA"]
[PlyCount "127"]
[EventDate "2023.12.27"]
[EventType "swiss"]
[EventCountry "SWE"]
[SourceTitle "playchess.com"]
[Source "ChessBase"]
[SourceQuality "1"]
[TimeControl "40/5400+30:1800+30"]

1. Nf3 Nf6 2. g3 d5 3. Bg2 e6 4. O-O Be7 5. c4 O-O 6. d4 dxc4 7. Qc2 a6 8. a4 Bd7 9. Qxc4 Bc6 10. Bg5 Bd5 11. Qc1 {[%emt 0:03:18] E05: Open Catalan: 5 Nf3 Be7.} Nbd7 12. Nc3 {[%emt 0:01:18] [#]} h6 $146 ({Predecessor:} 12... Bxf3 13. Bxf3 c6 14. Qc2 a5 15. e4 Rc8 16. Be3 e5 17. Rad1 exd4 18. Bxd4 Qc7 {1-0 Kourousis,E (2393)-Medarde Santiago,L (2350) EU-ch blitz Katowice 2017 (17)}) 13. Bxf6 {[%emt 0:04:32] The position is equal.} Nxf6 14. Rd1 Bxf3 15. Bxf3 c6 16. h4 a5 17. Kg2 Qb6 18. Qc2 Rfd8 19. e3 h5 20. Rd3 g6 21. Rad1 Kg7 22. e4 Rac8 23. Qe2 Rd7 24. e5 Nd5 25. Bxd5 cxd5 26. Nb5 Qd8 27. Rf3 Rc4 28. b3 Rc6 29. Rf4 Bb4 30. Rd3 Rc1 31. Rdf3 Qc8 {[%emt 0:05:17] ...Rb1 is the strong threat.} (31... Re1 {keeps more tension.} 32. Qc2 Qb6 33. g4 Qc6) 32. Nd6 Bxd6 33. exd6 Kg8 $2 {[%emt 0:13:13] [#] Black is on the road to losing.} (33... Rb1 $11 {and Black has nothing to worry.} 34. Qe5+ Kg8) 34. Rf6 $1 $18 Qc2 35. Rxe6 Qxe2 (35... Qb1 $142 36. Re8+ Kh7) 36. Rxe2 {[%emt 0:00:07][%mdl 4096] Endgame KRR-KRR} Rc8 37. Re7 Rxe7 38. dxe7 {[%emt 0:00:06] KR-KR} Re8 39. Re3 f6 40. Re6 Kf7 41. Rd6 Kxe7 42. Rxd5 b6 43. Kf3 Rc8 {[%emt 0:01:25] [#]} 44. Rb5 $1 Rc6 45. d5 Rd6 (45... Rc3+ {was worth a try.} 46. Ke4 Rc2) 46. Ke4 Kd7 47. b4 axb4 48. Rxb4 {[%emt 0:00:00] aiming for Rc4.} Kc7 $2 (48... Ke7 49. f3 g5) 49. Rc4+ {[%emt 0:00:00] White is clearly winning.} Kb7 50. Kd4 Rd8 51. Rc6 Ra8 52. Rxf6 Rxa4+ 53. Ke5 b5 54. Rxg6 Ra2 55. Rf6 b4 56. Rf4 b3 57. Rb4+ Kc7 58. Rxb3 Rxf2 59. d6+ Kd7 60. Rb7+ Kd8 61. Rg7 Rf3 62. Ke6 {[%emt 0:00:00] Rg8+ would kill now.} Re3+ 63. Kf7 {[%emt 0:00:00] And now Rg5 would win.} Rd3 64. Rg6 {[%emt 0:00:00] Weighted Error Value: White=0.04 (flawless) /Black=0.21 (precise)} 1-0

[Event "51st Rilton Cup 2023-24"]
[Site "Stockholm"]
[Date "2023.12.30"]
[Round "4.13"]
[White "Koykka, Pekka"]
[Black "Bailet, Pierre"]
[Result "0-1"]
[ECO "E20"]
[WhiteElo "2351"]
[BlackElo "2492"]
[Annotator "TA"]
[PlyCount "72"]
[EventDate "2023.12.27"]
[EventType "swiss"]
[EventCountry "SWE"]
[SourceTitle "playchess.com"]
[Source "ChessBase"]
[SourceQuality "1"]
[TimeControl "40/5400+30:1800+30"]

1. d4 Nf6 2. c4 e6 3. Nc3 Bb4 4. f3 d5 5. a3 Be7 6. e4 dxe4 {[%emt 0:00:30] E20: Nimzo-Indian: 4 g3 and 4 f3.} 7. fxe4 c5 8. d5 exd5 {[%emt 0:00:25] The position is equal.} 9. exd5 O-O 10. Be2 Bd6 11. Nf3 Bg4 12. O-O Re8 {[%emt 0:03:10] [#]} 13. Ra2 $146 ({Predecessor:} 13. Nb5 a6 14. Nxd6 Qxd6 15. Qc2 Nbd7 16. h3 Bh5 17. Bd3 Bxf3 18. Rxf3 Ne5 19. Rf1 Nxd3 20. Qxd3 {1-0 Cheparinov,I (2667)-Svane,R (2615) FIDE World Cup 2021 (2.2)}) 13... Nbd7 14. Nb5 Bb8 15. b3 Nf8 (15... a6 $5 16. Nc3 $8 h6 $11) 16. Nh4 a6 (16... Nxd5 $2 17. Bxg4 Bxh2+ 18. Kxh2 $18) ({Black should try} 16... Rxe2 $11 17. Rxe2 a6) 17. Bxg4 $14 {[%emt 0:02:22] Strongly threatening Nc3.} axb5 18. Nf5 {[%emt 0:04:01] Threatens to win with d6.} (18. Bg5 $5 ) 18... Be5 19. Bg5 (19. cxb5 $5 Ng6 20. d6 $14) 19... bxc4 20. bxc4 Ng6 (20... Qb6 $14 {was preferrable.}) 21. Qf3 {[%emt 0:01:16] [#]} (21. d6 $16) 21... Bxh2+ $1 $11 {[%emt 0:04:06][%mdl 64] Clearance} 22. Kh1 $1 {[%emt 0:03:18] aiming for Nxg7.} (22. Kxh2 $2 {loses.} Ne5 23. Qf4 (23. Nh6+ $2 gxh6 24. Bxf6 Nxf3+ $19) 23... Nfxg4+ 24. Kh1 f6 $19) 22... Ne5 23. Bxf6 Qxf6 24. Qh3 {[%emt 0:00:17] Be2 would be deadly.} Nxg4 25. Qxg4 Be5 26. Re2 Qg6 $36 {[%emt 0:02:32][%mdl 2048] White is under pressure.} 27. Qh3 Bf6 $1 28. Rxe8+ Rxe8 29. Nd6 Rb8 30. Nxb7 $2 {[%emt 0:00:18] [#] This costs White the game.} h6 $1 $19 31. Nxc5 $2 {[%emt 0:01:12] [#]} (31. Na5 Rb1 32. Rxb1 (32. Qc8+ $2 Kh7 $19) 32... Qxb1+ 33. Kh2 Be5+ 34. g3 Qb2+ 35. Qg2) 31... Rb1 $1 {[%emt 0:00:16] Black is clearly winning.} 32. g4 Bd4 33. Nd3 Qe4+ {[%emt 0:00:54] White is weak on the dark squares} 34. Kh2 Qe2+ 35. Qg2 Qxf1 (35... Qxd3 $142 36. Rxb1 Be5+ 37. Kg1 Qxb1+ 38. Qf1 Qe4) 36. Qxf1 Rxf1 {[%emt 0:00:10] Weighted Error Value: White=0.72/Black=0.24 (precise)} 0-1

[Event "51st Rilton Cup 2023-24"]
[Site "Stockholm"]
[Date "2023.12.30"]
[Round "4.14"]
[White "Tulchynskyi, Feliks"]
[Black "Rozentalis, Eduardas"]
[Result "1/2-1/2"]
[ECO "E53"]
[WhiteElo "2325"]
[BlackElo "2454"]
[Annotator "RC"]
[PlyCount "61"]
[EventDate "2023.12.27"]
[EventType "swiss"]
[EventCountry "SWE"]
[SourceTitle "playchess.com"]
[Source "ChessBase"]
[SourceQuality "1"]
[TimeControl "40/5400+30:1800+30"]

1. d4 Nf6 2. c4 e6 3. Nc3 Bb4 4. e3 d5 5. Bd3 c5 6. Nf3 O-O 7. cxd5 exd5 8. dxc5 Nbd7 9. Bd2 Nxc5 10. Be2 Ne6 11. Qb3 Ba5 12. O-O d4 13. exd4 Nxd4 14. Nxd4 Qxd4 15. Rad1 Qb6 16. Qxb6 Bxb6 17. Bf3 Ba5 18. Nd5 Bxd2 19. Rxd2 Nxd5 20. Bxd5 Be6 21. Bxb7 Rad8 22. Rxd8 Rxd8 23. Bf3 Rd2 24. Rd1 Rxd1+ 25. Bxd1 Bxa2 26. f4 h6 27. Kf2 Kf8 28. Ke3 Ke7 29. Kd4 Kd6 30. g3 Bd5 31. b4 1/2-1/2

[Event "51st Rilton Cup 2023-24"]
[Site "Stockholm"]
[Date "2023.12.30"]
[Round "4.15"]
[White "Hedman, Erik"]
[Black "Malek, Jan"]
[Result "0-1"]
[ECO "C54"]
[WhiteElo "2323"]
[BlackElo "2434"]
[Annotator "ChessBase"]
[PlyCount "76"]
[EventDate "2023.12.27"]
[EventType "swiss"]
[EventCountry "SWE"]
[SourceTitle "playchess.com"]
[Source "ChessBase"]
[SourceQuality "1"]
[TimeControl "40/5400+30:1800+30"]

1. e4 e5 2. Nf3 Nc6 3. Bc4 Nf6 4. d3 h6 5. c3 Bc5 6. b4 Be7 7. O-O O-O 8. Bb2 d5 9. exd5 Nxd5 10. b5 Na5 11. Bxd5 Qxd5 12. c4 Qd8 13. Nxe5 Bf6 14. Re1 Re8 15. Qf3 Qd6 16. Qg3 Bf5 17. Nd2 Qb4 18. Bd4 Qxd2 19. Nf3 Qxd3 20. Red1 Bxd4 21. Rxd3 Bxa1 22. Rd1 Bf6 23. Qxc7 b6 24. h3 Rec8 25. Qf4 Be6 26. Ne5 Bxe5 27. Qxe5 Rxc4 28. Rd3 Rc5 29. Qf4 Rxb5 30. Rg3 Kh8 31. Qd4 Rg8 32. a3 Rc5 33. Kh2 Nc6 34. Qd6 Rd8 35. Qc7 Rdd5 36. Qb7 Kh7 37. Qa8 Rd8 38. Qb7 Rd2 0-1

[Event "51st Rilton Cup 2023-24"]
[Site "Stockholm"]
[Date "2023.12.30"]
[Round "4.16"]
[White "Oratovsky, Michael"]
[Black "Eggleston, David J"]
[Result "1-0"]
[ECO "C06"]
[WhiteElo "2421"]
[BlackElo "2353"]
[Annotator "ChessBase"]
[PlyCount "59"]
[EventDate "2023.12.27"]
[EventType "swiss"]
[EventCountry "SWE"]
[SourceTitle "playchess.com"]
[Source "ChessBase"]
[SourceQuality "1"]
[TimeControl "40/5400+30:1800+30"]

1. e4 e6 2. d4 d5 3. Nd2 Nf6 4. e5 Nfd7 5. c3 c5 6. Ngf3 Nc6 7. Bd3 Be7 8. O-O g5 9. Nb1 g4 10. Ne1 cxd4 11. cxd4 h5 12. Be3 Nb4 13. Be2 Bg5 14. Nc3 a6 15. Bxg5 Qxg5 16. f4 gxf3 17. Nxf3 Qe3+ 18. Kh1 Nc6 19. Rc1 h4 20. Na4 f6 21. Rc3 Qh6 22. exf6 Nxf6 23. Nb6 Rb8 24. Ne5 O-O 25. Rcf3 Nh7 26. Bd3 Rxf3 27. Qxf3 Ng5 28. Qf4 h3 29. gxh3 Ne7 30. Rg1 1-0

[Event "51st Rilton Cup 2023-24"]
[Site "Stockholm"]
[Date "2023.12.30"]
[Round "4.17"]
[White "Pasti, Aron"]
[Black "Dotzer, Lukas"]
[Result "0-1"]
[ECO "B93"]
[WhiteElo "2410"]
[BlackElo "2338"]
[Annotator "ChessBase"]
[PlyCount "76"]
[EventDate "2023.12.27"]
[EventType "swiss"]
[EventCountry "SWE"]
[SourceTitle "playchess.com"]
[Source "ChessBase"]
[SourceQuality "1"]
[TimeControl "40/5400+30:1800+30"]

1. e4 c5 2. Nf3 d6 3. d4 cxd4 4. Nxd4 Nf6 5. Nc3 a6 6. Bd3 g6 7. f4 Bg7 8. Qe2 O-O 9. Be3 Nc6 10. Nxc6 bxc6 11. h3 Rb8 12. Nd1 e5 13. fxe5 Nh5 14. Qf3 Bxe5 15. O-O Qh4 16. Bf2 Ng3 17. Re1 Qh5 18. Qe3 f5 19. Bc4+ Kh8 20. Bxg3 f4 21. Qf2 Bxh3 22. Bh2 Bg4 23. c3 g5 24. Rf1 Rf6 25. Qd2 Rh6 26. g3 fxg3 27. Ne3 gxh2+ 28. Kh1 Bf3+ 29. Ng2 Qg4 30. Rf2 Rh3 31. Be2 Bxe2 32. Qxe2 Qxe2 33. Rxe2 Rf8 34. Ne3 Rhf3 35. Nf5 d5 36. Rae1 Bc7 37. Rd2 dxe4 38. Rd7 Be5 0-1

[Event "51st Rilton Cup 2023-24"]
[Site "Stockholm"]
[Date "2023.12.30"]
[Round "4.18"]
[White "Socko, Monika"]
[Black "Dragicevic, Drazen"]
[Result "1/2-1/2"]
[ECO "B31"]
[WhiteElo "2396"]
[BlackElo "2322"]
[Annotator "RC"]
[PlyCount "96"]
[EventDate "2023.12.27"]
[EventType "swiss"]
[EventCountry "SWE"]
[SourceTitle "playchess.com"]
[Source "ChessBase"]
[SourceQuality "1"]
[TimeControl "40/5400+30:1800+30"]

1. e4 c5 2. Nf3 Nc6 3. Bb5 g6 4. Bxc6 bxc6 5. O-O Bg7 6. Re1 Nh6 7. c3 O-O 8. d4 cxd4 9. cxd4 f6 10. h3 Nf7 11. Nc3 d6 12. Be3 Rb8 13. Qd2 Rb7 14. Rac1 Bd7 15. b3 Re8 16. Qe2 Qa5 17. Nd2 f5 18. Nc4 Qa6 19. Qd2 fxe4 20. Nxe4 Qb5 21. Bf4 Qd5 22. Rcd1 h6 23. Qe3 g5 24. Bh2 Qf5 25. Ng3 Qg6 26. d5 c5 27. Qe2 Bb5 28. Ne4 Kf8 29. Qd3 Bxc4 30. bxc4 Rb2 31. Nxc5 Qxd3 32. Ne6+ Kg8 33. Rxd3 Bf6 34. Ra3 Rc8 35. Ra4 Rc2 36. g4 R8xc4 37. Rxa7 Rb2 38. Bg3 Rcc2 39. a4 Be5 40. Re3 Bxg3 41. Rxg3 Rxf2 42. Rxe7 Ne5 43. Re8+ Kh7 44. Nf8+ Kg7 45. Ne6+ Kg6 46. Rg8+ Kh7 47. Rf8 Rfd2 48. Rc3 Kg6 1/2-1/2

[Event "51st Rilton Cup 2023-24"]
[Site "Stockholm"]
[Date "2023.12.30"]
[Round "4.19"]
[White "Eilenberg, Jonas"]
[Black "Dhulipalla Bala Chandra Prasad"]
[Result "1/2-1/2"]
[ECO "C55"]
[WhiteElo "2318"]
[BlackElo "2396"]
[Annotator "ChessBase"]
[PlyCount "50"]
[EventDate "2023.12.27"]
[EventType "swiss"]
[EventCountry "SWE"]
[SourceTitle "playchess.com"]
[Source "ChessBase"]
[SourceQuality "1"]
[TimeControl "40/5400+30:1800+30"]

1. e4 e5 2. Nf3 Nc6 3. Bc4 Nf6 4. d3 Be7 5. O-O O-O 6. Re1 d6 7. a3 Nd7 8. Nbd2 Kh8 9. Nf1 Nb6 10. Ba2 f5 11. exf5 Bxf5 12. h3 Bg6 13. Ng3 Bf6 14. c3 a5 15. Be3 d5 16. Bc5 Re8 17. Bxb6 cxb6 18. Nh2 Qd6 19. Ng4 Rad8 20. Ne3 Ne7 21. Qe2 b5 22. Ng4 Nc6 23. Ne3 Ne7 24. Ng4 Nc6 25. Ne3 Ne7 1/2-1/2

[Event "51st Rilton Cup 2023-24"]
[Site "Stockholm"]
[Date "2023.12.30"]
[Round "4.20"]
[White "Ajay Santhosh Parvathareddy"]
[Black "Krishna C R G"]
[Result "0-1"]
[ECO "A80"]
[WhiteElo "2228"]
[BlackElo "2396"]
[Annotator "ChessBase"]
[PlyCount "70"]
[EventDate "2023.12.27"]
[EventType "swiss"]
[EventCountry "SWE"]
[SourceTitle "playchess.com"]
[Source "ChessBase"]
[SourceQuality "1"]
[TimeControl "40/5400+30:1800+30"]

1. d4 f5 2. f3 d5 3. Nc3 Nf6 4. Bg5 Be6 5. Qd3 c6 6. Nh3 g6 7. Qe3 Qd6 8. Bf4 Qd7 9. Ng5 Bg8 10. Be5 Bg7 11. h4 h6 12. Nh3 Bf7 13. Qd2 Qd8 14. Nf2 Nbd7 15. Bh2 O-O 16. Nd3 c5 17. e3 Rc8 18. O-O-O c4 19. Ne5 b5 20. Nxf7 Rxf7 21. Nxb5 Qb6 22. Nc3 e6 23. Ne2 Qa6 24. Nc3 Bf8 25. Qe1 Nb6 26. Be5 Na4 27. h5 g5 28. e4 Bb4 29. Qe3 f4 30. Bxf4 gxf4 31. Qxf4 Nxc3 32. Rh3 Nxa2+ 33. Kb1 Nc3+ 34. bxc3 Bxc3 35. Rg3+ Kh7 0-1

[Event "51st Rilton Cup 2023-24"]
[Site "Stockholm"]
[Date "2023.12.30"]
[Round "4.21"]
[White "Ornstein, Axel"]
[Black "Kavutskiy, Konstantin"]
[Result "0-1"]
[ECO "B44"]
[WhiteElo "2223"]
[BlackElo "2384"]
[Annotator "ChessBase"]
[PlyCount "62"]
[EventDate "2023.12.27"]
[EventType "swiss"]
[EventCountry "SWE"]
[SourceTitle "playchess.com"]
[Source "ChessBase"]
[SourceQuality "1"]
[TimeControl "40/5400+30:1800+30"]

1. e4 c5 2. Nf3 Nc6 3. d4 cxd4 4. Nxd4 e5 5. Nb5 d6 6. Be3 Be6 7. N5c3 Nf6 8. Be2 a6 9. a4 Be7 10. O-O Nb4 11. f4 exf4 12. Bxf4 d5 13. e5 Ne4 14. Nxe4 dxe4 15. Nd2 Qb6+ 16. Kh1 Rd8 17. a5 Qc6 18. c3 Nd5 19. Qc2 Nxf4 20. Rxf4 Bg5 21. Raf1 Bxf4 22. Rxf4 Qc7 23. Rxe4 Qxa5 24. Re3 O-O 25. h3 Qc5 26. Nf1 Bc4 27. Bxc4 Qxc4 28. Ng3 Qf4 29. Qe2 Rfe8 30. Nh5 Rd1+ 31. Qxd1 Qxe3 0-1

[Event "51st Rilton Cup 2023-24"]
[Site "Stockholm"]
[Date "2023.12.31"]
[Round "5.1"]
[White "Kulaots, Kaido"]
[Black "Sokolovsky, Yahli"]
[Result "1/2-1/2"]
[ECO "B90"]
[WhiteElo "2524"]
[BlackElo "2443"]
[Annotator "TA"]
[PlyCount "60"]
[EventDate "2023.12.27"]
[EventType "swiss"]
[EventCountry "SWE"]
[SourceTitle "playchess.com"]
[Source "ChessBase"]
[SourceQuality "1"]
[TimeControl "40/5400+30:1800+30"]

1. e4 c5 2. Nf3 d6 3. d4 cxd4 4. Nxd4 Nf6 5. Nc3 a6 6. Rg1 e5 7. Nb3 {[%emt 0:00:04] B90: Sicilian Najdorf: Unusual White 6th moves, 6 Be3 Ng4 and 6 Be3 e5.} h5 8. h3 Be6 9. g4 {[%emt 0:07:06] White is slightly better.} hxg4 10. hxg4 d5 11. g5 Nxe4 12. Nxe4 dxe4 13. Qxd8+ Kxd8 14. Bg2 Bf5 15. Be3 Nd7 16. Nd2 {[%emt 0:04:22] [#]} Rh4 $146 ({Predecessor:} 16... Kc7 17. Nxe4 Bb4+ 18. c3 Be7 19. O-O-O Bg6 20. Rd5 Rad8 21. Rgd1 Bf5 22. b4 Rh2 {1-0 Petri,K (2326)-Feldtmann,T (2215) Hessenliga 0809 2008 (8.1)}) 17. O-O-O Rc8 18. Rh1 Rxh1 19. Bxh1 Bg4 20. Rg1 Be6 21. Nxe4 Kc7 22. f4 f5 23. gxf6 gxf6 24. fxe5 fxe5 25. b3 Ba3+ 26. Kd2 Rh8 27. Bf3 Rh3 28. Bg4 Bxg4 29. Rxg4 Bc1+ {[%emt 0:02:19][%mdl 64] [#] Deflection} 30. Kxc1 Rxe3 {[%emt 0:00:04] Weighted Error Value: White=0.04 (flawless) /Black=0.08 (flawless)} 1/2-1/2

[Event "51st Rilton Cup 2023-24"]
[Site "Stockholm"]
[Date "2023.12.31"]
[Round "5.2"]
[White "Blomqvist, Erik"]
[Black "Chasin, Nico"]
[Result "1-0"]
[ECO "C43"]
[WhiteElo "2521"]
[BlackElo "2444"]
[Annotator "TA"]
[PlyCount "63"]
[EventDate "2023.12.27"]
[EventType "swiss"]
[EventCountry "SWE"]
[SourceTitle "playchess.com"]
[Source "ChessBase"]
[SourceQuality "1"]
[TimeControl "40/5400+30:1800+30"]

1. e4 {[%emt 0:00:05] Gofshtein,Leonid D} e5 2. Nf3 Nf6 3. d4 Nxe4 4. Bd3 Nc6 5. Nxe5 Nxe5 6. dxe5 {[%emt 0:00:21] C43: Petroff Defence: 3 d4.} Nc5 7. Bc4 d6 8. Qf3 {[%emt 0:01:39][%csl Gc4][%cal Rf3f7] [#] The position is equal.} Ne6 9. exd6 Bxd6 10. Be3 O-O 11. Nd2 {[%emt 0:09:11] [#]} Qh4 $146 (11... f5 $14) ({Predecessor:} 11... Be5 12. O-O-O Qe7 13. Ne4 c6 14. Rhe1 a5 15. c3 Re8 16. Kb1 b5 17. Bd3 g6 {½-½ Gofshtein,L (2498)-Rozentalis,E (2620) ISR-chT playoff 2002}) 12. g3 $16 Qe7 13. O-O-O Bd7 (13... a5 $142) 14. Qxb7 Rab8 15. Qa6 {[%emt 0:04:59] White has more active pieces.} (15. Qxa7 Bc6 16. Qa5 Bxh1 17. Rxh1 Nc5 $11) 15... Bc8 16. Qa5 Bb4 17. Qh5 (17. Qxa7 $142 Bd7 18. Rhe1) 17... Bb7 18. Bd5 (18. Bd3 g6 19. Qe2 Bxh1 20. Rxh1 Rfd8 $17) 18... Ba6 ({Better is} 18... Bxd5 19. Qxd5 Rfd8) 19. Ne4 (19. Bxa7 Rb5 20. a4 Bxd2+ 21. Rxd2 Ra5 $11) 19... c6 {[%emt 0:03:58] [#]} 20. Bb3 $1 $18 (20. Bxc6 $2 Ba3 21. bxa3 Qxa3+ 22. Kd2 Qb4+ 23. c3 Rfd8+ 24. Ke1 Qc4 25. Rxd8+ Nxd8 $19) ({Much less strong is} 20. Bxe6 $6 Qxe6 21. Ng5 Qf5 $16) 20... c5 (20... Rb5 $16 {might work better.} 21. Qf3 Re5) 21. c3 c4 22. Bc2 $40 {[%emt 0:00:09][%cal Oe4f6][%mdl 128] Nf6+! would kill now. White goes for the king.} f5 23. Ng5 Nxg5 24. Qxg5 ({And not} 24. Bxg5 Qb7 25. Rhe1 (25. cxb4 $2 {loses.} Qxb4 26. Rd5 Qxb2+ 27. Kd1 c3 $19) 25... Ba5 $11) 24... Qxg5 25. Bxg5 Bc5 26. Be3 Bxe3+ 27. fxe3 Rb5 (27... Bc8 $142 28. Rd6 Rb5) 28. Rd7 Rfb8 (28... Rf7 {keeps fighting.}) 29. Rxa7 {[%emt 0:02:40] White is winning.} Bb7 30. Rd1 Be4 31. Bxe4 fxe4 32. Rd2 {[%emt 0:00:16] Weighted Error Value: White=0.07 (flawless) /Black=0.26 (precise)} 1-0